Cogmind - Beta 15 @@@ ROGUE MODE // 2025.06.18 @ 23:04:35 Player: Storm Mk9 Result: Self-destructed Performance ------------- Evolutions (5) 2500 Regions Visited (13) 2600 Robots Destroyed (51) 255 Value Destroyed (2048) 2048 Prototype IDs (29) 580 Alien Tech Used (0) 0 Bonus (380) 380 TOTAL SCORE: 8363 Bonus ------- Follower Combat Kills 80 Met Data Miner 300 Cogmind --------- Core Integrity 764/1000 Matter 300/300 Energy 36/100 System Corruption 4% Temperature Cool (0) Movement Core (100) Ox1 Location -5/Upper Caves Parts ------- > --- POWER (2) -------- (None) > --- PROPULSION (3) --- (None) > --- UTILITY (8) ------ Advanced Targeting Computer > --- WEAPON (4) ------- Phasing Sabre > --- INVENTORY (5) ---- Improved Cryofiber Web Advanced Heat Sink Advanced System Restoration Module Peak State ------------ > --- POWER ------------ Fission-Neutrino Core > --- PROPULSION ------- FC-Thunder Exoskeleton > --- UTILITY ---------- Armored Scrap Engine Medium Storage Unit 0b10 Decoder Chip [Generic] Advanced Targeting Computer Phase Shifter Focal Shield Hacking Suite > --- WEAPON ----------- Makeshift Sword > --- INVENTORY -------- Improved Cryofiber Web Advanced Heat Sink Seismic Detector Advanced Shield Generator Advanced System Restoration Module [Rating: 72] Favorites ----------- Power Constructs Engine Light Ion Engine Power Core Constructs Propulsion Light Treads Treads Light Treads Leg Constructs Utility Advanced Targeting Computer Device Armored Scrap Engine Storage Small Storage Unit Processor Advanced Targeting Computer Hackware Hacking Suite Protection Light Armor Plating Weapon Enhanced Autogun Energy Gun Constructs Ballistic Gun Enhanced Autogun Launcher Grenade Launcher Special Weapon Mining Laser Impact Weapon Makeshift Hammer Slashing Weapon Makeshift Sword Build | -11 -10 -10 -8 -8 -8 -6 -6 -6 -6 -5 -5 -5 -5 ------- Run | Yrd Mat Sub Mat Sto Rec Fac Low Low Dat Pro Fac Upp Upp Slots Evolved 10 | . . . 4 . . 4 . . . . 2 . . Power 1 | . . . . . . 1 . . . . . . . Propulsion 1 | . . . 1 . . . . . . . . . . Utility 6 | . . . 2 . . 2 . . . . 2 . . Weapon 2 | . . . 1 . . 1 . . . . . . . Parts Attached 60 | 6 1 . 13 17 2 6 . 6 . 1 5 1 2 Power 5 | 1 . . 1 2 . . . 1 . . . . . Engine 4 | 1 . . . 2 . . . 1 . . . . . Core 1 | . . . 1 . . . . . . . . . . Reactor . | . . . . . . . . . . . . . . Propulsion 9 | 2 . . 3 4 . . . . . . . . . Treads 7 | 2 . . 1 4 . . . . . . . . . Leg 2 | . . . 2 . . . . . . . . . . Wheel . | . . . . . . . . . . . . . . Hover . | . . . . . . . . . . . . . . Flight . | . . . . . . . . . . . . . . Utility 26 | 1 1 . 4 3 2 5 . 4 . 1 4 1 . Device 13 | . 1 . 3 1 2 2 . 1 . . 2 1 . Storage 2 | 1 . . . . . . . . . . 1 . . Processor 4 | . . . . 1 . . . 3 . . . . . Hackware 1 | . . . . . . . . . . . 1 . . Protection 6 | . . . 1 1 . 3 . . . 1 . . . Artifact . | . . . . . . . . . . . . . . Weapon 20 | 2 . . 5 8 . 1 . 1 . . 1 . 2 Energy Gun 8 | 2 . . 2 4 . . . . . . . . . Energy Cannon . | . . . . . . . . . . . . . . Ballistic Gun 6 | . . . 2 3 . 1 . . . . . . . Ballistic Cannon . | . . . . . . . . . . . . . . Launcher 1 | . . . 1 . . . . . . . . . . Special Weapon 1 | . . . . 1 . . . . . . . . . Impact Weapon 1 | . . . . . . . . 1 . . . . . Slashing Weapon 3 | . . . . . . . . . . . 1 . 2 Piercing Weapon . | . . . . . . . . . . . . . . Special Melee Weapon . | . . . . . . . . . . . . . . Unidentified Prototypes 4 | . . . . 3 1 . . . . . . . . Parts Lost 49 | . . . 9 9 . 11 . 1 . 4 1 7 7 Power 8 | . . . 1 2 . 3 . . . . . 1 1 Propulsion 8 | . . . 2 2 . 2 . . . . . 1 1 Utility 20 | . . . 3 2 . 4 . . . 3 . 4 4 Weapon 13 | . . . 3 3 . 2 . 1 . 1 1 1 1 Highest Loss Streak 7 | . . . 7 4 . 3 . 1 . 4 1 4 7 To Critical Strikes 1 | . . . . . . . . . . . . 1 . Average Backups 5 | 2 3 4 5 6 7 4 4 4 5 4 4 4 3 Power . | . 1 1 1 1 1 . . . . . . . . Propulsion . | . . . . 1 1 . . . . . . . . Utility 1 | . . . . . . 1 3 3 3 3 3 4 3 Weapon 2 | 1 2 3 4 2 3 2 1 1 2 1 . . . Tool/Special . | . . . . . . . . . . . . . . Unused Backups 14 | . . . . 2 4 4 . . . 1 1 . 2 Power 5 | . . . . . 2 3 . . . . . . . Propulsion 1 | . . . . . 1 . . . . . . . . Utility 3 | . . . . . . . . . . . 1 . 2 Weapon 5 | . . . . 2 1 1 . . . 1 . . . Tool/Special . | . . . . . . . . . . . . . . Average Slot Usage (%) 62 | . 100 100 72 89 92 52 13 29 40 24 51 55 44 Engine 3 | . 14 14 7 7 6 1 . . . . . . . Core 1 | . . . 1 1 2 1 . . . . 4 5 4 Treads 10 | . 28 28 14 18 24 6 . . . . . . . Leg 1 | . . . . 8 . . . . . . 4 5 4 Device 11 | . 14 14 14 10 8 11 6 6 6 6 15 17 16 Storage 5 | . 14 14 9 9 9 5 . . . . 4 4 . Processor 8 | . . . . 2 9 6 6 18 26 15 11 11 10 Protection 3 | . . . . 8 6 6 . . . . . . . Energy Gun 5 | . 28 28 20 13 4 3 . . . . 2 . . Ballistic Gun 5 | . . . 4 7 14 6 . 2 6 1 . . . Special Weapon 1 | . . . . 1 6 . . . . . . . . Peak Build Rating 72 | 6 7 7 17 21 39 48 24 43 39 39 71 72 56 Average Rating 33 | 4 7 7 12 15 26 43 24 33 39 31 57 68 49 On Entrance 26 | . 6 7 7 14 21 38 24 24 39 39 30 71 46 Naked Turns . | . . . . . . . . . . . . . . Heaviest Build 43 | 11 12 12 23 27 20 29 1 6 6 6 43 35 22 Greatest Support 60 | 40 40 40 40 60 60 33 3 3 3 3 56 56 28 Greatest Overweight (x) 5 | 2 . . 5 1 . 4 . 1 1 1 4 1 4 Average Overweight (x) . | . . . . . . 1 . . 1 . . . . Largest Inventory Capacity 10 | 8 8 8 8 8 8 8 5 5 5 5 10 10 5 Average Capacity 7 | 7 8 8 8 8 8 7 5 5 5 5 9 9 5 Most Carried 8 | 6 4 4 8 8 8 7 5 5 5 5 5 5 5 Average Carried 5 | 2 3 4 5 6 7 4 4 4 5 4 4 4 3 Final Capacity 10 | 8 8 8 8 8 8 5 5 5 5 5 10 5 5 Final Carried 8 | 4 4 4 6 8 6 5 5 5 5 5 4 3 3 Scrap Engine Consumption 60 | . . . . . 13 16 3 6 . 9 9 . 4 Constructs Created 10 | . . . . . 3 3 . 1 . . 3 . . Constructs Modified 10 | . . . . . . 5 . 1 . . 4 . . Class Distribution -------------------- 62% | Mutant 19% | Scavenger-Gunner 5% | Scavenger-Mutant 4% | Gunner 4% | Construct Dominant Class ---------------- Mutant | -10/Materials Mutant | -10/Subcaves Gunner | -8/Materials Scavenger-Mutant | -8/Storage Scavenger-Gunner | -8/Recycling Mutant | -6/Factory Mutant | -6/Lower Caves Mutant | -6/Lower Caves Mutant | -6/Data Miner Mutant | -5/Proximity Caves Mutant | -5/Factory Mutant | -5/Upper Caves Mutant | -5/Upper Caves Resources | -11 -10 -10 -8 -8 -8 -6 -6 -6 -6 -5 -5 -5 -5 ----------- Run | Yrd Mat Sub Mat Sto Rec Fac Low Low Dat Pro Fac Upp Upp Matter Collected 1343 | 208 62 . 109 247 156 323 25 95 . 16 2 70 30 Remotely . | . . . . . . . . . . . . . . Salvage Created 2033 | 53 . . 572 833 120 304 . . . . 82 . 69 Parts 109 | 5 . . 30 44 8 18 . . . . 1 . 3 Haulers Intercepted 1 | . . . . 1 . . . . . . . . . Recyclers Shooed 2 | . . . 1 . . 1 . . . . . . . Parts Field Recycled . | . . . . . . . . . . . . . . Retrieved Matter . | . . . . . . . . . . . . . . Parts Self-Destructed 4 | . . . . . . . . . . 3 . . 1 Prevented . | . . . . . . . . . . . . . . Kills | -11 -10 -10 -8 -8 -8 -6 -6 -6 -6 -5 -5 -5 -5 ------- Run | Yrd Mat Sub Mat Sto Rec Fac Low Low Dat Pro Fac Upp Upp Combat Hostiles Destroyed 46 | . . . 15 16 3 7 . 1 . . 1 . 3 Melee 4 | . . . . . . . . 1 . . . . 3 Guns 38 | . . . 12 15 3 7 . . . . 1 . . AOE 2 | . . . 2 . . . . . . . . . . Classes Destroyed 12 | 1 . . 6 2 1 1 . 1 . . . . . Tunneler 2 | 2 . . . . . . . . . . . . . Hauler 1 | . . . . 1 . . . . . . . . . Recycler 1 | . . . 1 . . . . . . . . . . Operator 1 | . . . 1 . . . . . . . . . . Swarmer 10 | . . . 7 . . . . . . . . . 3 Grunt 14 | . . . 4 10 . . . . . . . . . Duelist 1 | . . . . 1 . . . . . . . . . Sentry 10 | . . . 2 5 . 2 . . . . 1 . . Hunter 4 | . . . 2 . . 2 . . . . . . . Programmer 3 | . . . . . . 3 . . . . . . . Subdweller 3 | . . . . . 3 . . . . . . . . Thief 1 | . . . . . . . . 1 . . . . . Best Kill Streak 6 | 2 . . 4 6 1 1 . 1 . . 1 . 3 Combat Bots Only 6 | . . . 4 6 1 1 . 1 . . 1 . 3 Max Kills in Single Turn 2 | 1 . . 2 1 1 1 . 1 . . 1 . 1 Gunslinging 1 | . . . 1 . . . . . . . . . . Exploded 1 | . . . 1 . . . . . . . . . . Melee 1 | . . . . . . . . 1 . . . . 1 Uniques/NPCs Destroyed . | . . . . . . . . . . . . . . Combat | -11 -10 -10 -8 -8 -8 -6 -6 -6 -6 -5 -5 -5 -5 -------- Run | Yrd Mat Sub Mat Sto Rec Fac Low Low Dat Pro Fac Upp Upp Hostile Shots Fired 607 | . . 4 102 85 5 181 1 2 . 79 24 82 42 Missed 195 | . . 1 27 19 3 49 1 1 . 36 15 32 11 Hits 412 | . . 3 75 66 2 132 . 1 . 43 9 50 31 Melee 2 | . . . . 1 . . . 1 . . . . . Projectile 410 | . . 3 75 65 2 132 . . . 43 9 50 31 Critical Strikes 17 | . . . 1 5 . 4 . . . 1 1 4 1 Part Disruptions 1 | . . . . . . 1 . . . . . . . Damage Taken 6527 | . . 85 1133 888 41 2175 . 27 . 643 487 649 399 Core 1246 | . . . 275 125 18 285 . 6 . 301 . 113 123 Absorbed by Shields 376 | . . . . 136 . . . . . . . 177 63 Ignored by Resistances 130 | . . . . . . . . . . . 16 114 . Regen/Repaired (Parts) 363 | . . . . . . 97 100 . . 100 66 . . Core Remaining (%) 63 | 100 . 100 . . 24 . . . . 30 . . . Volleys Fired 179 | 3 . 1 30 54 14 67 . 2 . . 8 . . Largest 3 | 2 . 2 3 3 3 2 . 1 . . 1 . . Hottest 155 | 90 . 90 153 155 111 100 . 30 . . 70 . . Shots Fired 309 | 6 . 2 85 103 26 77 . 2 . . 8 . . Gun 294 | 6 . 2 83 101 18 76 . . . . 8 . . Cannon . | . . . . . . . . . . . . . . Launcher 4 | . . . 2 . . . . 2 . . . . . Special 11 | . . . . 2 8 1 . . . . . . . Kinetic 127 | . . . 13 23 12 71 . . . . 8 . . Thermal 163 | 6 . 2 62 73 14 6 . . . . . . . Explosive 4 | . . . 2 . . . . 2 . . . . . Electromagnetic 15 | . . . 8 7 . . . . . . . . . Robot Hit Streak 13 | 4 . 6 10 13 10 9 . 4 . . 5 . . Robot Miss Streak 5 | 1 . . 3 3 1 5 . . . . 1 . . Penetration Max . | . . . . . . . . . . . . . . Secondary Targets 6 | . . . 5 1 . . . . . . . . . Max Gunslinging Chain 1 | . . . 1 1 . . . . . . . . . Shots Hit Robots 219 | 5 . 2 62 72 12 53 . 3 . . 5 . 5 Core Hits 95 | 2 . . 30 34 5 19 . 2 . . 1 . 2 Critical Kills 1 | . . . . 1 . . . . . . . . . Critical Parts Destroyed . | . . . . . . . . . . . . . . Critical Strikes 11 | . . . 3 5 1 . . . . . 1 . 1 Burn 8 | . . . 3 4 1 . . . . . . . . Destroy 2 | . . . . 1 . . . . . . 1 . . Sever 1 | . . . . . . . . . . . . . 1 Melee Attacks 11 | . . . . . . . . 2 . . . . 9 Impact 2 | . . . . . . . . 2 . . . . . Slashing 9 | . . . . . . . . . . . . . 9 Piercing . | . . . . . . . . . . . . . . Sneak Attacks . | . . . . . . . . . . . . . . Combat Hostiles . | . . . . . . . . . . . . . . Follow-up Attacks 1 | . . . . . . . . . . . . . 1 Damage Inflicted 4192 | 58 . 23 1002 1148 245 1181 . 169 . . 118 7 241 Guns 3628 | 58 . 23 855 1148 245 1181 . . . . 118 . . Cannons . | . . . . . . . . . . . . . . Explosions 201 | . . . 147 . . . . 54 . . . . . Melee 356 | . . . . . . . . 115 . . . . 241 Ramming 7 | . . . . . . . . . . . . 7 . Kinetic 1686 | . . . 94 201 135 1138 . . . . 118 . . Thermal 1813 | 58 . 23 686 893 110 43 . . . . . . . Explosive 201 | . . . 147 . . . . 54 . . . . . Electromagnetic 129 | . . . 75 54 . . . . . . . . . Impact 115 | . . . . . . . . 115 . . . . . Slashing 241 | . . . . . . . . . . . . . 241 Piercing . | . . . . . . . . . . . . . . Highest Corruption 5 | . . . . . . 5 5 5 5 5 . 4 4 Average Corruption 3 | . . . . . . 2 5 5 5 5 . 2 4 Corruption Purged . | . . . . . . . . . . . . . . Corruption Blocked . | . . . . . . . . . . . . . . Effects 34 | . . . . . . 12 2 4 3 7 . . 6 Message Errors 8 | . . . . . . 3 . . 1 3 . . 1 Matter Fused 10 | . . . . . . 2 2 . 1 2 . . 3 Heat Flow Errors 1 | . . . . . . . . . 1 . . . . Energy Discharges 1 | . . . . . . . . . . 1 . . . Parts Rejected 1 | . . . . . . 1 . . . . . . . Data Loss (minor) 5 | . . . . . . 3 . 1 . 1 . . . Data Loss (major) 2 | . . . . . . . . 1 . . . . 1 Misfires 1 | . . . . . . 1 . . . . . . . Alerts 3 | . . . . . . . . 2 . . . . 1 Weapon Failures 2 | . . . . . . 2 . . . . . . . Overload Shots . | . . . . . . . . . . . . . . Overflow Damage 185 | . . . . . . 62 . 56 . . . . 67 Projectiles . | . . . . . . . . . . . . . . Explosions 62 | . . . . . . 62 . . . . . . . Melee 123 | . . . . . . . . 56 . . . . 67 Knockbacks 1 | . . . . . . . . 1 . . . . . Impact 1 | . . . . . . . . 1 . . . . . Kinetic . | . . . . . . . . . . . . . . Secondary . | . . . . . . . . . . . . . . Self-Inflicted Damage 206 | . . . . . . 202 . 4 . . . . . Shots 4 | . . . . . . 3 . 1 . . . . . Rammed . | . . . . . . . . . . . . . . Targets Rammed 2 | . . . . . . . . . . . . 2 . Kicked 2 | . . . . . . . . . . . . 2 . Crushed . | . . . . . . . . . . . . . . Highest Temperature 468 | 60 . . 370 468 99 46 . . 214 . 242 . . Average Temperature 108 | 27 . . 129 134 49 16 . . 121 . 137 . . Received Heat Transfer 893 | . . 27 243 503 . 48 . . . 27 36 9 . Effects 5 | . . . 2 3 . . . . . . . . . Shutdowns 2 | . . . 1 1 . . . . . . . . . Energy Bleed 1 | . . . 1 . . . . . . . . . . Interference 2 | . . . . 2 . . . . . . . . . Siege Activations . | . . . . . . . . . . . . . . Martial Activations . | . . . . . . . . . . . . . . Shielding Activations . | . . . . . . . . . . . . . . Robots Disrupted . | . . . . . . . . . . . . . . Combat Hostiles . | . . . . . . . . . . . . . . Robots Corrupted . | . . . . . . . . . . . . . . Combat Hostiles . | . . . . . . . . . . . . . . Parts Fried 1 | . . . . . . . . 1 . . . . . Impact Corruptions 3 | . . . . . . . . 3 . . . . . Robots Melted 2 | . . . 1 1 . . . . . . . . . Combat Hostiles 2 | . . . 1 1 . . . . . . . . . Parts Melted 11 | . . . 7 2 2 . . . . . . . . Heat Transferred 4842 | 161 . 62 1951 2335 259 74 . . . . . . . Parts Sabotaged . | . . . . . . . . . . . . . . Parts Stolen . | . . . . . . . . . . . . . . Parts Stripped . | . . . . . . . . . . . . . . Power Chain Reactions . | . . . . . . . . . . . . . . Alert | -11 -10 -10 -8 -8 -8 -6 -6 -6 -6 -5 -5 -5 -5 ------- Run | Yrd Mat Sub Mat Sto Rec Fac Low Low Dat Pro Fac Upp Upp Maximum Alert Level 1 | . . . . 1 . . . . . . . . . Low Security (%) 98 | 100 100 . 100 88 100 100 . . . . 100 . . Level 1 1 | . . . . 11 . . . . . . . . . Level 2 . | . . . . . . . . . . . . . . Level 3 . | . . . . . . . . . . . . . . Level 4 . | . . . . . . . . . . . . . . Level 5 . | . . . . . . . . . . . . . . High Security . | . . . . . . . . . . . . . . Max Security . | . . . . . . . . . . . . . . Peak Influence 218 | 10 . . 184 218 76 57 . . . . 45 . . Initial 74 | . . . . 74 61 . . . . . . . . Average 40 | . . . 67 168 8 14 . . . . 2 . . Influence Increases 1716 | 10 . . 443 468 96 299 . . . 217 53 15 115 Destroy 0b10 Robot/C 920 | . . . 300 320 . 140 . . . 80 20 . 60 Destroy 0b10 Robot/NC 25 | 10 . . 10 5 . . . . . . . . . Destroy Leader 222 | . . . 60 72 . 60 . . . 10 10 . 10 Allied During Kill 22 | . . . . . . . . . . 22 . . . Successful Hack 94 | . . . 13 26 18 37 . . . . . . . Disable Machine 165 | . . . 15 15 75 45 . . . . 15 . . Destroy Structure 43 | . . . 15 . 3 17 . . . . 8 . . Lose Combat Pursuer 225 | . . . 30 30 . . . . . 105 . 15 45 Influence Decreases 1716 | 10 . . 267 486 254 299 . . . 217 53 15 115 Entered New Map 199 | . . . . 102 97 . . . . . . . . Time Decay 1133 | 10 . . 177 294 157 212 . . . 177 41 10 55 Lost Part 382 | . . . 90 90 . 87 . . . 40 10 5 60 Lost Ally 2 | . . . . . . . . . . . 2 . . Squads Dispatched 9 | . 1 . . 2 . 5 . . . . 1 . . Investigation . | . . . . . . . . . . . . . . Extermination 4 | . . . . . . 3 . . . . 1 . . Reinforcement 5 | . 1 . . 2 . 2 . . . . . . . Assault . | . . . . . . . . . . . . . . Garrison . | . . . . . . . . . . . . . . Intercept . | . . . . . . . . . . . . . . Searches Triggered . | . . . . . . . . . . . . . . Construction Impeded . | . . . . . . . . . . . . . . Haulers Reinforced . | . . . . . . . . . . . . . . Active Scanning Responses . | . . . . . . . . . . . . . . Cargo Convoy Interrupts . | . . . . . . . . . . . . . . Stealth | -11 -10 -10 -8 -8 -8 -6 -6 -6 -6 -5 -5 -5 -5 --------- Run | Yrd Mat Sub Mat Sto Rec Fac Low Low Dat Pro Fac Upp Upp Distress Signals 6 | . 1 . . 3 . 1 . . . . 1 . . Communications Jammed . | . . . . . . . . . . . . . . Distress Signals . | . . . . . . . . . . . . . . Times Spotted 97 | . 2 1 22 21 3 13 1 1 . 11 10 4 8 Peak Tracking Total 9 | . 2 1 7 6 1 4 1 1 . 9 6 4 5 Tactical Retreats 6 | . . . 1 1 . . . . . 2 . 1 1 Traps | -11 -10 -10 -8 -8 -8 -6 -6 -6 -6 -5 -5 -5 -5 ------- Run | Yrd Mat Sub Mat Sto Rec Fac Low Low Dat Pro Fac Upp Upp Traps Triggered . | . . . . . . . . . . . . . . Indirectly . | . . . . . . . . . . . . . . Trap Hack Attempts . | . . . . . . . . . . . . . . Triggered . | . . . . . . . . . . . . . . Disarmed . | . . . . . . . . . . . . . . Reprogrammed . | . . . . . . . . . . . . . . Reused . | . . . . . . . . . . . . . . Traps Extracted . | . . . . . . . . . . . . . . Installed . | . . . . . . . . . . . . . . Triggered . | . . . . . . . . . . . . . . Machines | -11 -10 -10 -8 -8 -8 -6 -6 -6 -6 -5 -5 -5 -5 ---------- Run | Yrd Mat Sub Mat Sto Rec Fac Low Low Dat Pro Fac Upp Upp Machines Disabled 11 | . . . 1 1 5 3 . . . . 1 . . Max in Single Turn 3 | . . . 1 1 1 3 . . . . 1 . . Machines Repaired . | . . . . . . . . . . . . . . Machines Dismantled . | . . . . . . . . . . . . . . Machines Sabotaged . | . . . . . . . . . . . . . . Overloaded Fab Kills . | . . . . . . . . . . . . . . Hacking | -11 -10 -10 -8 -8 -8 -6 -6 -6 -6 -5 -5 -5 -5 --------- Run | Yrd Mat Sub Mat Sto Rec Fac Low Low Dat Pro Fac Upp Upp Machines Accessed 21 | . 1 . 2 4 6 2 . . 4 . 2 . . Terminals 14 | . 1 . 2 4 5 2 . . . . . . . Fabricators . | . . . . . . . . . . . . . . Repair Stations . | . . . . . . . . . . . . . . Recycling Units 2 | . . . . . . . . . . . 2 . . Scanalyzers . | . . . . . . . . . . . . . . Garrison Access . | . . . . . . . . . . . . . . Total Hacks 65 | . 2 . 7 9 12 4 . . 28 . 3 . . Successful 50 | . 1 . 2 6 7 3 . . 28 . 3 . . Failed 15 | . 1 . 5 3 5 1 . . . . . . . Catastrophic 3 | . . . . 1 2 . . . . . . . . Database Lockouts . | . . . . . . . . . . . . . . Manual 20 | . 2 . 7 6 2 2 . . . . 1 . . Terminals 32 | . 2 . 7 9 10 4 . . . . . . . Fabricators . | . . . . . . . . . . . . . . Repair Stations . | . . . . . . . . . . . . . . Recycling Units 3 | . . . . . . . . . . . 3 . . Scanalyzers . | . . . . . . . . . . . . . . Garrison Access . | . . . . . . . . . . . . . . Terminal Hacks 43 | . . . 1 6 6 2 . . 28 . . . . Record 11 | . . . . . . . . . 11 . . . . Part Schematic 11 | . . . . . . . . . 11 . . . . Robot Schematic 3 | . . . . . . . . . 3 . . . . Robot Analysis 2 | . . . . 2 . . . . . . . . . Prototype ID Bank 9 | . . . . 1 4 1 . . 3 . . . . Open Door 2 | . . . . 2 . . . . . . . . . Branch Access Points 3 | . . . 1 1 . 1 . . . . . . . Release Object 2 | . . . . . 2 . . . . . . . . Fabricator Hacks . | . . . . . . . . . . . . . . Repair Station Hacks . | . . . . . . . . . . . . . . Recycling Unit Hacks 2 | . . . . . . . . . . . 2 . . Retrieve Components 2 | . . . . . . . . . . . 2 . . Scanalyzer . | . . . . . . . . . . . . . . Garrison Access Hacks . | . . . . . . . . . . . . . . Unauthorized Hacks 5 | . 1 . 1 . 1 1 . . . . 1 . . Terminals 4 | . 1 . 1 . 1 1 . . . . . . . Track 1 | . . . . . 1 . . . . . . . . Botnet 3 | . 1 . 1 . . 1 . . . . . . . Fabricators . | . . . . . . . . . . . . . . Repair Stations . | . . . . . . . . . . . . . . Recycling Units 1 | . . . . . . . . . . . 1 . . Monitor 1 | . . . . . . . . . . . 1 . . Scanalyzers . | . . . . . . . . . . . . . . Garrison Access . | . . . . . . . . . . . . . . Data Cores Recovered 1 | . . . 1 . . . . . . . . . . Used 1 | . . . 1 . . . . . . . . . . Hacking Detections 12 | . 1 . 1 3 4 2 . . . . 1 . . Full Trace Events . | . . . . . . . . . . . . . . Feedback Events . | . . . . . . . . . . . . . . Feedback Blocked . | . . . . . . . . . . . . . . Robot Schematics Acquired 3 | . . . . . . . . . 3 . . . . Robots Built . | . . . . . . . . . . . . . . Authchips . | . . . . . . . . . . . . . . Time . | . . . . . . . . . . . . . . Total Robot Build Rating . | . . . . . . . . . . . . . . Part Schematics Acquired 11 | . . . . . . . . . 11 . . . . Parts Built . | . . . . . . . . . . . . . . Authchips . | . . . . . . . . . . . . . . Time . | . . . . . . . . . . . . . . Total Part Build Rating . | . . . . . . . . . . . . . . Parts Repaired . | . . . . . . . . . . . . . . Time . | . . . . . . . . . . . . . . Parts Recycled . | . . . . . . . . . . . . . . Recycled Matter . | . . . . . . . . . . . . . . Retrieved Matter . | . . . . . . . . . . . . . . Retrieved Components 2 | . . . . . . . . . . . 2 . . Parts Scanalyzed . | . . . . . . . . . . . . . . Part Schematics Acquired . | . . . . . . . . . . . . . . Parts Damaged . | . . . . . . . . . . . . . . Bothacking | -11 -10 -10 -8 -8 -8 -6 -6 -6 -6 -5 -5 -5 -5 ------------ Run | Yrd Mat Sub Mat Sto Rec Fac Low Low Dat Pro Fac Upp Upp Used RIF Installer . | . . . . . . . . . . . . . . Robots Hacked . | . . . . . . . . . . . . . . Non-combat . | . . . . . . . . . . . . . . Combat . | . . . . . . . . . . . . . . Robot Hacks Applied . | . . . . . . . . . . . . . . Relay Couplers Released . | . . . . . . . . . . . . . . Fabnet Peak Effective % . | . . . . . . . . . . . . . . Robots Rewired . | . . . . . . . . . . . . . . Allies Hacked . | . . . . . . . . . . . . . . Hacks Repelled . | . . . . . . . . . . . . . . Allies | -11 -10 -10 -8 -8 -8 -6 -6 -6 -6 -5 -5 -5 -5 -------- Run | Yrd Mat Sub Mat Sto Rec Fac Low Low Dat Pro Fac Upp Upp Total Allies 1 | . . . . . . . . . . 1 . . . Largest Group 1 | . . . . . . . . . . 1 1 . . Highest-Rated Group 96 | . . . . . . . . . . 96 96 . . Highest-Rated Ally 96 | . . . . . . . . . . 96 96 . . Total Orders . | . . . . . . . . . . . . . . Ally Attacks 16 | . . . . . . . . . . 8 8 . . Total Damage 522 | . . . . . . . . . . 333 189 . . Kills 4 | . . . . . . . . . . 4 . . . Allies Corrupted . | . . . . . . . . . . . . . . Allies Melted . | . . . . . . . . . . . . . . Intel | -11 -10 -10 -8 -8 -8 -6 -6 -6 -6 -5 -5 -5 -5 ------- Run | Yrd Mat Sub Mat Sto Rec Fac Low Low Dat Pro Fac Upp Upp Active Infowar (turns) 3042 | . 104 47 253 . . 834 . 159 76 479 563 263 264 IFF 834 | . . . . . . 834 . . . . . . . Seismic 1062 | . 104 47 253 . . . . . . . 347 54 257 Decoding 1804 | . . . . . . . . 159 76 479 563 263 264 Robot Analysis Total 2 | . . . . 2 . . . . . . . . . Derelict Logs Recovered 4 | . . . . . . . . 2 . 1 . 1 . Drone Launches . | . . . . . . . . . . . . . . Drone Recoveries . | . . . . . . . . . . . . . . Decoded 0b10 Intel 17 | . . . . . . . . . . . 17 . . Traps 4 | . . . . . . . . . . . 4 . . Emergency Access 1 | . . . . . . . . . . . 1 . . Items 12 | . . . . . . . . . . . 12 . . Exploration | -11 -10 -10 -8 -8 -8 -6 -6 -6 -6 -5 -5 -5 -5 ------------- Run | Yrd Mat Sub Mat Sto Rec Fac Low Low Dat Pro Fac Upp Upp Turns Passed 5775 | 90 104 47 477 647 1186 1116 147 308 76 479 563 263 272 Spaces Moved 3694 | 56 57 28 190 239 660 417 284 354 77 490 321 271 250 Core 1319 | 25 . . 2 . . 22 284 354 77 490 64 . 1 Treads 1564 | 31 57 28 178 215 660 395 . . . . . . . Legs 811 | . . . 10 24 . . . . . . 257 271 249 Wheels . | . . . . . . . . . . . . . . Hover . | . . . . . . . . . . . . . . Flight . | . . . . . . . . . . . . . . Fastest Speed 50 | 50 160 160 120 160 150 50 50 50 100 50 50 95 95 Average Speed 125 | 119 160 160 160 173 157 220 50 72 100 60 151 95 95 Slowest Speed 440 | 160 160 160 300 240 160 440 50 100 100 100 250 170 250 Overloaded Moves . | . . . . . . . . . . . . . . Propulsion Burnouts . | . . . . . . . . . . . . . . Robots Hopped . | . . . . . . . . . . . . . . Potential Cave-ins . | . . . . . . . . . . . . . . Cave-ins Triggered . | . . . . . . . . . . . . . . Exploration Rate (%) 37 | 4 13 4 20 35 97 9 52 52 68 67 10 54 42 Regions Visited 13 Branch Regions 9 Pre-discovered Areas 2 | . . . . . . . . 1 1 . . . . Known Exits Taken 4 | . . . 1 1 . 1 . . . . 1 . . Unknown Exits Taken 9 | 1 1 1 . . 1 . 1 1 1 1 . 1 . Scrap Searched 17 | . . . . . . . 3 7 . 4 . 1 2 Spaces Dug 3 | . . . . . 3 . . . . . . . . Terrain Destroyed 40 | . . . 14 . 3 15 . 8 . . . . . Melee . | . . . . . . . . . . . . . . Projectile 3 | . . . . . 3 . . . . . . . . AOE 37 | . . . 14 . . 15 . 8 . . . . . Terrain Rammed . | . . . . . . . . . . . . . . Walls Destroyed . | . . . . . . . . . . . . . . Machines Disabled . | . . . . . . . . . . . . . . Actions | -11 -10 -10 -8 -8 -8 -6 -6 -6 -6 -5 -5 -5 -5 --------- Run | Yrd Mat Sub Mat Sto Rec Fac Low Low Dat Pro Fac Upp Upp Total 4541 | 72 70 28 299 375 780 546 289 399 76 673 387 276 271 Wait 487 | . 12 . 54 42 79 36 2 28 . 177 50 . 7 Move 3681 | 55 56 27 189 238 659 416 283 353 76 489 320 270 250 Hop . | . . . . . . . . . . . . . . Pick Up 62 | 8 1 . 13 14 4 8 2 3 . 3 2 1 3 Fast Attach 13 | 2 . . . 3 1 . . 4 . . 3 . . Attach 44 | 4 1 . 11 10 . 8 . 3 . 1 2 2 2 Detach 6 | . . . . . 2 3 . 1 . . . . . Swap 19 | . . . 2 8 7 1 . . . . 1 . . Drop 38 | . . . . 6 14 7 2 3 . 3 1 1 1 Fire 179 | 3 . 1 30 54 14 67 . 2 . . 8 . . Melee 10 | . . . . . . . . 2 . . . . 8 Ram . | . . . . . . . . . . . . . . Kick 2 | . . . . . . . . . . . . 2 . Crush . | . . . . . . . . . . . . . . Escape Stasis . | . . . . . . . . . . . . . . Rewire . | . . . . . . . . . . . . . . Trap . | . . . . . . . . . . . . . . Miscellaneous . | . . . . . . . . . . . . . . Route ------- -11/Scrapyard -10/Materials -10/Subcaves -8/Materials (discovered 3 exits: [*Fac] / *Sto x2) -8/Storage -8/Recycling -6/Factory (discovered 2 exits: *Low x2) -6/Lower Caves -6/Lower Caves -6/Data Miner -5/Proximity Caves -5/Factory (discovered 2 exits: *Upp x2) -5/Upper Caves -5/Upper Caves (discovered 1 exit: [*Fac]) History --------- Turn | Location | Event 37 | -11/Scrapyard | Discovered new exit (range 16) 91 | -11/Scrapyard | Entered Materials 92 | -10/Materials | Met a group of wandering Federalists 182 | -10/Materials | Discovered new exit (range 9) 195 | -10/Materials | Entered Subcaves 195 | -10/Subcaves | Accompanied by 1 ally 196 | -10/Subcaves | Continued accompanying wandering Federalists (4) 196 | -10/Subcaves | Approached by a straggling Scientist 216 | -10/Subcaves | Discovered new exit (range 13) 242 | -10/Subcaves | Entered Materials 242 | -8/Materials | Evolved 4 slots: Propulsion x1, Utility x2, Weapon x1 302 | -8/Materials | Build established: Mutant 528 | -8/Materials | Identified exit to Storage 542 | -8/Materials | Discovered new exit (range 14) 719 | -8/Materials | Entered Storage 720 | -8/Storage | Lost 7 parts (1p1n2u3w) 731 | -8/Storage | Identified exit to Recycling 748 | -8/Storage | Core integrity fell below 50% 845 | -8/Storage | Lost 4 parts (1p1u2w) 1360 | -8/Storage | Used back door to open Recycling access 1366 | -8/Storage | Entered Recycling 1432 | -8/Recycling | Build established: Scavenger-Gunner 2172 | -8/Recycling | Entered Scraplab 2181 | -8/Recycling | Found Prototype Device 2181 | -8/Recycling | Identified Scrap Engine 2524 | -8/Recycling | Discovered new exit (range 16) 2552 | -8/Recycling | Entered Factory 2552 | -6/Factory | Evolved 4 slots: Power x1, Utility x2, Weapon x1 2847 | -6/Factory | Build established: Mutant 2889 | -6/Factory | Lost 3 parts (1p1u1w) 3036 | -6/Factory | Discovered new exit (range 16) 3178 | -6/Factory | Identified exit to Lower Caves 3472 | -6/Factory | Lost 3 parts (1p1n1u) 3647 | -6/Factory | Lost 3 parts (1n2u) 3668 | -6/Factory | Entered Lower Caves 3702 | -6/Lower Caves | Spotted B-75 Beast 3810 | -6/Lower Caves | Discovered new exit (range 11) 3815 | -6/Lower Caves | Entered another Lower Caves area 3885 | -6/Lower Caves | Encountered a Warlord checkpoint 4069 | -6/Lower Caves | Learned 12 Factory zone layouts 4080 | -6/Lower Caves | Discovered new exit (range 10) 4123 | -6/Lower Caves | Entered Data Miner 4123 | -6/Data Miner | Discovered new exit (range 6) 4142 | -6/Data Miner | Met Data Miner 4159 | -6/Data Miner | Learned location of Section 7 (-2) 4159 | -6/Data Miner | Acquired the access code to Warlord's prototype stash 4175 | -6/Data Miner | Received God Mode back door access code from Data Miner 4199 | -6/Data Miner | Entered Proximity Caves 4287 | -5/Proximity Caves | Core integrity fell below 50% 4324 | -5/Proximity Caves | Escorted by Enhanced Grunt 4342 | -5/Proximity Caves | Lost 4 parts (3u1w) 4505 | -5/Proximity Caves | Discovered new exit (range 16) 4544 | -5/Proximity Caves | Learned Factory interactive machine intel 4678 | -5/Proximity Caves | Entered Factory 4678 | -5/Factory | Accompanied by 1 ally 4678 | -5/Factory | Evolved 2 slots: Utility x2 4679 | -5/Factory | Identified exit to Upper Caves 4680 | -5/Factory | Loaded intel: 53 interactive machine locations 5221 | -5/Factory | Discovered exit to Upper Caves (range 15) 5241 | -5/Factory | Entered Upper Caves 5368 | -5/Upper Caves | Attracted the attention of an 0b10 checkpoint 5400 | -5/Upper Caves | Learned Factory terminal intel 5486 | -5/Upper Caves | Lost 4 parts (3u1w) 5489 | -5/Upper Caves | Discovered new exit (range 15) 5504 | -5/Upper Caves | Entered another Upper Caves area 5525 | -5/Upper Caves | Lost 3 parts (1p1n1u) 5540 | -5/Upper Caves | Discovered new exit (range 8) 5776 | -5/Upper Caves | Self-destructed Last Messages --------------- 05750_ S-27 Virus destroyed. 05752_ Destroyed Unknown Flight Unit. 05752_ Ripper follow-up attack on S-27 Virus. 05752_ S-27 Virus destroyed. 05753_ Scrap Engine consumes Lgt. Nuclear Core. 05757_ S-27 Virus Lgt. Nuclear Core severed. 05758_ FC-Thunder Exoskeleton destroyed. 05758_ Scrap Engine damaged due to network destabilization (-6). 05760_ Unknown Flight Unit fries itself beyond repair. 05761_ Seismic Detector destroyed. 05766_ Fission-Neutrino Core destroyed. 05766_ Scrap Engine damaged due to network destabilization (-5). 05766_ S-27 Virus destroyed. 05768_ 0b10 Decoder Chip [Generic] destroyed. 05770_ Ripper destroyed. 05772_ Adv. Shield Generator destroyed. 05773_ Scrap Engine destroyed. Map ----- +----------------------------------------------------+ | ?????????????????????????????????????????????????? | | ?????????????????????????????????????????????????? | | ?????????????????????????????????????????????????? | | ?????????????????????????????????????????????????# | | ??????????????????????????????????????????????#### | | ?????????????????????????????????????????###??# | | ????????????????????????????????????????## #?## | | ???????????????????????????????????????## #### | | ???????????????????????????????????????# #?# | | ???????????????????????????????????????# ### | | ???????????????????????????????????????# | | ????????????????????????????????????????# | | ????????????????????????????????????????##### | | ?????????????????????????????????????????#### # | | ???????????????????????????????????????### ## | | ???????????????????????????????????????# ##? | | ???????????????????????????????????????# ##?? | | ???????????????????##??????????????????# #### | | ???????????????????# #??????????###???## # | | ???????????????????# #????????## ##### # | | ??????????????????## ????????# ## #### | | ?????????????????## ##??????## ###??? | | ????????????????## #?#####?# ####????? | | ????????????????? s ### #?## ## ##??????? | | ????????????????????# *%= ##?##### #????#?? | | ????????????????????# @%s ####### ### ##? | | ????????????????????## ### # #? | | ???????????????# ????##??# ### #? | | ??????????????### ###### ##?## ### # # | | ??????????????# #???# ####?? ? | | ??????????????# ##### ##????? # | | ??????????????# "#### ## ###### # ? | | ??????????????# ???????# # #? ? | | ?????????????????????""" ### | | ???????????????????"" #?#### ##### # | | ???????????????????"" " #????# ## ##???????? | | ???????????????????""""" #??? ##?##????????? | | ???????????????????""""" #?? #????????????? | | ????????????????????"""" ? ## #???????????? | | ??????????????????????" ###?# #???????????? | | ??????????????????????? ###????# ???????????? | | ??????????????????????" ???????# ??????????? | | ?????????????????????? ??????? !%?????????? | | ?????????????????????? ??????? ?????????? | | ??????????????????????### ??????? ????????? | | ????????????????????????? ??????? ?????????? | | ?????????????????????????????????# #?????????? | | ??????????????????????????????????#####??????????? | | ?????????????????????????????????????????????????? | | ?????????????????????????????????????????????????? | +----------------------------------------------------+ Best States ------------- Heat Dissipation 70 Energy Generation 21 Energy Capacity 303 Matter Stores 300 Matter Capacity 300 Sight Range 16 Terrain Scan Density 10 Armor Coverage 375 Resistance: KI 20 Phase Shifting 5 Evasion (%) 61 Targeting Accuracy 13 Recoil Reduction 3 Salvage Targeting 4 Offensive Hacking 10 Item Schematics ----------------- Combat Drone Bay | -6/Data Miner | Free Lgt. Regenerative Plating | -6/Data Miner | Free Enh. Flexi-carbon Leg | -6/Data Miner | Free Exp. Heat Sink | -6/Data Miner | Free Tiamat Missile Launcher | -6/Data Miner | Free Impulse Thruster | -6/Data Miner | Free Adv. Reaction Control System | -6/Data Miner | Free Matter Neutralizer | -6/Data Miner | Free Neutrino Core | -6/Data Miner | Free Quantum Capacitor | -6/Data Miner | Free Particle Reactor | -6/Data Miner | Free Robot Schematics ------------------ B-60 Warrior | -6/Data Miner | Free G-50 Soldier | -6/Data Miner | Free A-15 Conveyor | -6/Data Miner | Free Fabricated ------------ Nothing Repaired ---------- Nothing Alien Tech Used ----------------- None Achievements -------------- None Challenges ------------ None Game ------ Seed AntimatterStealthDevice Manual? 0 Play Time 01:17:09 Cumulative 72.1 hours Start 2025.06.18 @ 20:29:25 End 2025.06.18 @ 23:04:35 Sessions 1 Manual Loads 0 Difficulty Rogue Special Mode None Game No. 66 Rogue 47 Adventurer 0 Explorer 19 Win Type - Total 0 Types 0/0/0/0/0/0/0/0/0/0 Lore% 53 Gallery% 43 Achievement% 68 Wizard Run 0 Options --------- Layout 1 ASCII 0 Keyboard 0 Movement Mouse Keybinds 0 Fullscreen 2 Font 16/SmallcapsGlow Map View 50x40 Zoom Use 0% Tactical HUD 1 Map Filters NONE Filters NONE Steam SD RUN: bf0e99b7-a71d-4344-877d-159d8191c275